MLB
LOS ANGELES ANGELS @ MIAMI MARLINS
04/15/2020
 
TOP OF THE 1ST
Los Angeles Angels batting - Pitching for Miami Marlins : LHP Blaine Hardy
Pitching: LHP Blaine Hardy
Batting: RHB Braden Bishop 0-0: SINGLE (Groundball, 5S, EV 75.6 MPH) (infield hit)
Batting: RHB Mikie Mahtook 0-0: Foul Ball, location: 2F
0-1: Grounds into double play, 4-6-3 (Groundball, 4, EV 103.1 MPH)
Batting: RHB Brian Anderson 0-0: Ball
1-0: Ball
2-0: DOUBLE (Line Drive, 89D, EV 103.8 MPH)
Batting: RHB Wil Myers 0-0: Ball
1-0: Ball
2-0: Ball
3-0: Swinging Strike
3-1: Swinging Strike
3-2: Strikes out swinging
Top of the 1st over - 0 runs, 2 hits, 0 errors, 1 left on base; Los Angeles 0 - Miami 0
BOTTOM OF THE 1ST
Miami Marlins batting - Pitching for Los Angeles Angels : RHP Zack Wheeler
Pitching: RHP Zack Wheeler
Batting: SHB Francisco Lindor 0-0: Ball
1-0: Foul Ball, location: 2F
1-1: Ball
2-1: Called Strike
2-2: Ball
3-2: Base on Balls
Batting: RHB Mike Trout 0-0: Ball
1-0: Ball
2-0: Ball
3-0: Called Strike
3-1: Called Strike
3-2: Foul Ball, location: 2F
3-2: Base on Balls
Francisco Lindor to second
Batting: RHB Javier Baez 0-0: Grounds into double play, 6-4-3 (Groundball, 6, EV 83.1 MPH)
Francisco Lindor to third
Batting: LHB Kyle Tucker 0-0: Ball
1-0: Ball
2-0: Ground out 4-3 (Groundball, 34, EV 98.1 MPH)
Bottom of the 1st over - 0 runs, 0 hits, 0 errors, 1 left on base; Los Angeles 0 - Miami 0
TOP OF THE 2ND
Los Angeles Angels batting - Pitching for Miami Marlins : LHP Blaine Hardy
Batting: RHB Avisail Garcia 0-0: Ball
1-0: Swinging Strike
1-1: Ball
2-1: Ground out 5-3 (Groundball, 5, EV 75.6 MPH)
Batting: RHB Kevin Plawecki 0-0: Foul Ball, location: 2F
0-1: Swinging Strike
0-2: Strikes out swinging
Batting: RHB Zack Cozart 0-0: Fly out, F7 (Flyball, 7LS, EV 83.1 MPH)
Top of the 2nd over - 0 runs, 0 hits, 0 errors, 0 left on base; Los Angeles 0 - Miami 0
BOTTOM OF THE 2ND
Miami Marlins batting - Pitching for Los Angeles Angels : RHP Zack Wheeler
Batting: RHB Miguel Andujar 0-0: Called Strike
0-1: Ball
1-1: Swinging Strike
1-2: Fly out, F8 (Flyball, 8RD, EV 85.0 MPH)
Batting: RHB C.J. Cron 0-0: SINGLE (Line Drive, 89M, EV 96.9 MPH)
Batting: RHB Jordan Luplow 0-0: Ball
1-0: Ground out 3-1 (Groundball, 34S, EV 87.5 MPH)
C.J. Cron to second
Batting: LHB Chance Sisco 0-0: Ball
1-0: Foul Ball, location: 2F
1-1: Swinging Strike
1-2: Strikes out swinging
Bottom of the 2nd over - 0 runs, 1 hit, 0 errors, 1 left on base; Los Angeles 0 - Miami 0
TOP OF THE 3RD
Los Angeles Angels batting - Pitching for Miami Marlins : LHP Blaine Hardy
Batting: SHB Yolmer Sanchez 0-0: Ground out 4-3 (Groundball, 4M, EV 83.8 MPH)
Batting: LHB Zack Wheeler 0-0: Ground out 4-3 (Groundball, 4, EV 87.5 MPH)
Batting: RHB Braden Bishop 0-0: Ball
1-0: Ball
2-0: Ball
3-0: Base on Balls
Batting: RHB Mikie Mahtook 0-0: Ball
1-0: Swinging Strike
1-1: Swinging Strike
1-2: Strikes out swinging
Top of the 3rd over - 0 runs, 0 hits, 0 errors, 1 left on base; Los Angeles 0 - Miami 0
BOTTOM OF THE 3RD
Miami Marlins batting - Pitching for Los Angeles Angels : RHP Zack Wheeler
Batting: LHB Blaine Hardy 0-0: SINGLE (Line Drive, 9S, EV 102.5 MPH)
Batting: SHB Francisco Lindor 0-0: Called Strike
0-1: Foul Ball, location: 2F
0-2: Foul Ball, location: 2F
0-2: Ball
1-2: Ball
2-2: Strikes out swinging
Batting: RHB Mike Trout 0-0: Ball
1-0: Called Strike
1-1: Foul Ball, location: 2F
1-2: Fly out, F5 (Popup, 56S, EV 68.8 MPH)
Batting: RHB Javier Baez 0-0: Fly out, F7 (Flyball, 7D, EV 96.9 MPH)
Bottom of the 3rd over - 0 runs, 1 hit, 0 errors, 1 left on base; Los Angeles 0 - Miami 0
TOP OF THE 4TH
Los Angeles Angels batting - Pitching for Miami Marlins : LHP Blaine Hardy
Batting: RHB Brian Anderson 0-0: Ball
1-0: Fly out, F7 (Line Drive, 7, EV 105.6 MPH)
Batting: RHB Wil Myers 0-0: Ball
1-0: Ball
2-0: Ball
3-0: Called Strike
3-1: Fly out, F7 (Flyball, 7LM, EV 83.1 MPH)
Batting: RHB Avisail Garcia 0-0: Ball
1-0: Foul Ball, location: 2F
1-1: DOUBLE (Flyball, 89D, EV 93.1 MPH)
Batting: RHB Kevin Plawecki 0-0: Called Strike
0-1: Ball
1-1: Called Strike
1-2: DOUBLE (Line Drive, 9LD, EV 103.1 MPH)
Avisail Garcia scores
Batting: RHB Zack Cozart 0-0: Called Strike
0-1: Swinging Strike
0-2: Ball
1-2: Strikes out swinging
Top of the 4th over - 1 run, 2 hits, 0 errors, 1 left on base; Los Angeles 1 - Miami 0
BOTTOM OF THE 4TH
Miami Marlins batting - Pitching for Los Angeles Angels : RHP Zack Wheeler
Batting: LHB Kyle Tucker 0-0: Called Strike
0-1: Swinging Strike
0-2: SINGLE (Groundball, 6MS, EV 68.8 MPH) (infield hit)
Batting: RHB Miguel Andujar 0-0: Ball
1-0: Swinging Strike
1-1: Ball
2-1: Foul Ball, location: 2F
2-2: Ball
3-2: Strikes out swinging
Batting: RHB C.J. Cron 0-0: Called Strike
Kyle Tucker steals 2nd base (no throw)
0-1: Called Strike
0-2: Fly out, F9 (Flyball, 9LM, EV 78.8 MPH)
Runner from 2nd tags up, SAFE at 3rd, no throw by RF
Batting: RHB Jordan Luplow 0-0: Ball
1-0: Ball
2-0: Ball
3-0: Called Strike
3-1: Base on Balls
Batting: LHB Chance Sisco 0-0: Ball
1-0: Foul Ball, location: 2F
1-1: Foul Ball, location: 2F
1-2: Strikes out swinging
Bottom of the 4th over - 0 runs, 1 hit, 0 errors, 2 left on base; Los Angeles 1 - Miami 0
TOP OF THE 5TH
Los Angeles Angels batting - Pitching for Miami Marlins : LHP Blaine Hardy
Batting: SHB Yolmer Sanchez 0-0: Ground out 4-3 (Groundball, 4, EV 86.3 MPH)
Batting: LHB Zack Wheeler 0-0: Fly out, F7 (Flyball, 7S, EV 90.0 MPH)
Batting: RHB Braden Bishop 0-0: Fly out, F8 (Flyball, 8RM, EV 88.1 MPH)
Top of the 5th over - 0 runs, 0 hits, 0 errors, 0 left on base; Los Angeles 1 - Miami 0
BOTTOM OF THE 5TH
Miami Marlins batting - Pitching for Los Angeles Angels : RHP Zack Wheeler
Batting: LHB Blaine Hardy 0-0: Called Strike
0-1: Foul Ball, location: 2F
0-2: Strikes out swinging
Batting: SHB Francisco Lindor 0-0: Ball
1-0: Foul Ball, location: 2F
1-1: Fly out, F9 (Flyball, 89S, EV 94.4 MPH)
Batting: RHB Mike Trout 0-0: Foul Ball, location: 2F
0-1: Ball
1-1: Foul Ball, location: 2F
1-2: SINGLE (Groundball, 6D, EV 100.6 MPH)
Batting: RHB Javier Baez 0-0: Ball
1-0: Foul Ball, location: 2F
1-1: Called Strike
1-2: Ball
Mike Trout steals 2nd base
2-2: Strikes out looking
Bottom of the 5th over - 0 runs, 1 hit, 0 errors, 1 left on base; Los Angeles 1 - Miami 0
TOP OF THE 6TH
Los Angeles Angels batting - Pitching for Miami Marlins : LHP Blaine Hardy
Batting: RHB Mikie Mahtook 0-0: Ball
1-0: Called Strike
1-1: Ball
2-1: Swinging Strike
2-2: Strikes out looking
Batting: RHB Brian Anderson 0-0: SINGLE (Groundball, 4MD, EV 94.4 MPH)
Batting: RHB Wil Myers 0-0: Ball
1-0: Fly out, F8 (Line Drive, 8LM, EV 106.9 MPH)
Batting: RHB Avisail Garcia 0-0: Ball
1-0: Called Strike
1-1: Ball
2-1: Called Strike
2-2: Strikes out swinging
Top of the 6th over - 0 runs, 1 hit, 0 errors, 1 left on base; Los Angeles 1 - Miami 0
BOTTOM OF THE 6TH
Miami Marlins batting - Pitching for Los Angeles Angels : RHP Zack Wheeler
Batting: LHB Kyle Tucker 0-0: Ball
1-0: Foul Ball, location: 2F
1-1: Ball
2-1: Ball
3-1: Base on Balls
Batting: RHB Miguel Andujar 0-0: Ball
1-0: Ball
2-0: Swinging Strike
2-1: Foul Ball, location: 2F
2-2: Fielders Choice at 2nd, 5-4 (Groundball, 56, EV 98.8 MPH)
Batting: RHB C.J. Cron 0-0: Called Strike
0-1: Foul Ball, location: 2F
0-2: Foul Ball, location: 2F
0-2: Ball
1-2: Fly out, F8 (Flyball, 78M, EV 93.8 MPH)
Batting: RHB Jordan Luplow 0-0: Foul Ball, location: 2F
0-1: Swinging Strike
0-2: Ball
1-2: Fly out, F9 (Flyball, 89M, EV 91.3 MPH)
Bottom of the 6th over - 0 runs, 0 hits, 0 errors, 1 left on base; Los Angeles 1 - Miami 0
TOP OF THE 7TH
Los Angeles Angels batting - Pitching for Miami Marlins : LHP Blaine Hardy
Batting: RHB Kevin Plawecki 0-0: Ground out 5-3 (Groundball, 5L, EV 101.9 MPH)
Pitching: RHP Blake Treinen
Batting: RHB Zack Cozart 0-0: Foul Ball, location: 2F
0-1: Foul Ball, location: 2F
0-2: Strikes out looking
Batting: SHB Yolmer Sanchez 0-0: Ball
1-0: SINGLE (Line Drive, 89S, EV 102.5 MPH)
Batting: LHB Zack Wheeler 0-0: Called Strike
0-1: Called Strike
0-2: Strikes out swinging
Top of the 7th over - 0 runs, 1 hit, 0 errors, 1 left on base; Los Angeles 1 - Miami 0
BOTTOM OF THE 7TH
Miami Marlins batting - Pitching for Los Angeles Angels : RHP Zack Wheeler
Pitching: RHP Carlos Martinez
Batting: LHB Chance Sisco 0-0: Ground out U3 (Groundball, 34, EV 101.9 MPH)
Pinch Hitting: LHB Christin Stewart 0-0: Swinging Strike
0-1: Called Strike
0-2: Foul Ball, location: 2F
0-2: Ball
1-2: Fly out, F9 (Flyball, 89S, EV 88.1 MPH)
Batting: SHB Francisco Lindor 0-0: Foul Ball, location: 2F
0-1: Called Strike
0-2: Ground out 4-3 (Groundball, 4M, EV 86.3 MPH)
Bottom of the 7th over - 0 runs, 0 hits, 0 errors, 0 left on base; Los Angeles 1 - Miami 0
TOP OF THE 8TH
Los Angeles Angels batting - Pitching for Miami Marlins : RHP Blake Treinen
Pitching: RHP Emmanuel Clase
Batting: RHB Braden Bishop 0-0: Foul Ball, location: 2F
0-1: Ball
1-1: Fly out, F8 (Line Drive, 8RD, EV 90.0 MPH)
Batting: RHB Mikie Mahtook 0-0: Ball
1-0: SINGLE (Groundball, 56D, EV 105.6 MPH)
Batting: RHB Brian Anderson 0-0: Ball
1-0: Ball
2-0: Fielders Choice at 2nd, 1-6 (Groundball, 13S, EV 63.1 MPH)
Batting: RHB Wil Myers 0-0: Ball
1-0: Foul Ball, location: 2F
1-1: Called Strike
Brian Anderson is caught stealing 2nd base 2-4
Top of the 8th over - 0 runs, 1 hit, 0 errors, 0 left on base; Los Angeles 1 - Miami 0
BOTTOM OF THE 8TH
Miami Marlins batting - Pitching for Los Angeles Angels : RHP Carlos Martinez
Pitching: RHP Hansel Robles
Batting: RHB Mike Trout 0-0: Ball
1-0: Ball
2-0: Called Strike
2-1: Swinging Strike
2-2: Foul Ball, location: 2F
2-2: Strikes out swinging
Batting: RHB Javier Baez 0-0: Called Strike
0-1: Ball
1-1: Swinging Strike
1-2: Foul Ball, location: 2F
1-2: Foul Ball, location: 2F
1-2: Ball
2-2: Foul Ball, location: 2F
2-2: Strikes out swinging
Batting: LHB Kyle Tucker 0-0: Ground out 5-3 (Groundball, 56, EV 88.8 MPH)
Bottom of the 8th over - 0 runs, 0 hits, 0 errors, 0 left on base; Los Angeles 1 - Miami 0
TOP OF THE 9TH
Los Angeles Angels batting - Pitching for Miami Marlins : RHP Emmanuel Clase
Pitching: RHP Jordan Hicks
Batting: RHB Wil Myers 0-0: Called Strike
0-1: SINGLE (Line Drive, 8RS, EV 114.4 MPH)
Batting: RHB Avisail Garcia 0-0: Foul Ball, location: 2F
0-1: Foul Ball, location: 2F
0-2: Strikes out looking
Batting: RHB Kevin Plawecki 0-0: Called Strike
0-1: Called Strike
0-2: Ball
1-2: Strikes out swinging
Batting: RHB Zack Cozart 0-0: Called Strike
0-1: Foul Ball, location: 2F
0-2: Ball
1-2: Strikes out swinging
Top of the 9th over - 0 runs, 1 hit, 0 errors, 1 left on base; Los Angeles 1 - Miami 0
BOTTOM OF THE 9TH
Miami Marlins batting - Pitching for Los Angeles Angels : RHP Hansel Robles
Pitching: RHP Jeurys Familia
Now at SS: Ildemaro Vargas
Batting: RHB Miguel Andujar 0-0: Foul Ball, location: 2F
0-1: Ball
1-1: Ball
2-1: Ball
3-1: Ground out 6-3 (Groundball, 6, EV 83.8 MPH)
Batting: RHB C.J. Cron 0-0: Fly out, F8 (Flyball, 8LXD, EV 101.9 MPH)
Batting: RHB Jordan Luplow 0-0: Called Strike
0-1: Ball
1-1: Ball
2-1: Foul Ball, location: 2F
2-2: Ground out 6-3 (Groundball, 56, EV 85.0 MPH)
Bottom of the 9th over - 0 runs, 0 hits, 0 errors, 0 left on base; Los Angeles 1 - Miami 0
Thursday, June 4th, 2020 - OOTP Baseball 21.3 Build 54